[Event "Team 45 45 League T75"]
[Site "Internet Chess Club"]
[Date "2018.01.19"]
[Round "5"]
[White "zethhon"]
[Black "bmw2002"]
[Result "1-0"]
[WhiteElo "1416"]
[BlackElo "1457"]
[Opening "King's Indian, 3.Nf3"]
[ECO "E61"]
[Time "19:09:45"]
[TimeControl "2700+45"]

1. d4 Nf6 2. Nf3 g6 3. c4 Bg7 4. Nc3 c5 5. e3 O-O 6. Be2 b6 7. O-O Bb7 8. b3
cxd4 9. Nxd4 e5 10. Ndb5 d5 11. Ba3 Re8 12. Nd6 Re7 13. cxd5 Rd7 14. Nxb7 Rxb7
15. Bf3 Qe8 16. Qd3 e4 17. Nxe4 Nxe4 18. Bxe4 Rc7 19. d6 Rc3 20. Qd2 Qxe4 21. d7
Nxd7 22. Qxd7 Rd3 23. Qc7 Bxa1 24. Rxa1 Qd5 25. Qc2 Rd8 26. h3 Qe5 27. Bb2 Qd6
28. Bd4 Rxd4 29. exd4 Qxd4 30. Re1 Kf8 31. Qc7 Qd7 32. Qe5 Qd4 33. Qe7+ Kg7 34.
Qxa7 Rd7 35. Qa3 b5 36. Qc1 Qb4 37. Qa1+ Kh6 38. Re3 Rd2 39. a3 Qf4 40. Rf3 Qd6
41. Qc1 Kh5 42. g4+ Kh4 43. Kg2 Qd5 44. Qc7 h5 45. Qg3+ Kg5 46. Qf4+ Kh4 47. g5#
{Black checkmated} 1-0

[Event "Team 45 45 League T75"]
[Site "Internet Chess Club"]
[Date "2018.01.20"]
[Round "5"]
[White "BrerRabbit"]
[Black "g8wrb"]
[Result "1-0"]
[WhiteElo "1410"]
[BlackElo "1371"]
[Opening "Queen's pawn: London system"]
[ECO "A45"]
[Time "10:30:46"]
[TimeControl "2700+45"]

1. d4 Nf6 2. Bf4 d5 3. e3 Bf5 4. c4 c6 5. Nc3 e6 6. Qb3 Qb6 7. c5 Qxb3 8. axb3
Nbd7 9. h3 Be7 10. b4 O-O 11. Nf3 h6 12. b5 Bc2 13. Be2 Nh7 14. O-O f6 15. bxc6
bxc6 16. Ba6 e5 17. Bg3 Rfb8 18. Ra2 Rb4 19. Rc1 Bb3 20. Ra3 Bc4 21. Bxc4 Rxc4
22. Rb3 Rb8 23. Rxb8+ Nxb8 24. Nd2 Rb4 25. b3 Bd8 26. dxe5 Bc7 27. exf6 Bxg3 28.
fxg3 Nxf6 29. Ne2 a5 30. Ra1 Ne4 31. Nxe4 dxe4 32. Rxa5 Rxb3 33. Nd4 Rxe3 34.
Ra8 Re1+ 35. Kf2 Rb1 36. Nxc6 Kf7 37. Rxb8 Rc1 38. Rb4 Rxc5 39. Nd4 Kf6 40. Ne2
Kf5 41. Ke3 Rc2 42. Rb7 g5 43. Nd4+ {Black resigns} 1-0

[Event "Team 45 45 League T75"]
[Site "Internet Chess Club"]
[Date "2018.01.21"]
[Round "5"]
[White "SeniorCitizen"]
[Black "WzeroMN"]
[Result "1-0"]
[WhiteElo "1273"]
[BlackElo "1169"]
[Opening "King's pawn game"]
[ECO "C21"]
[Time "14:00:46"]
[TimeControl "2700+45"]

1. e4 e5 2. d4 d6 3. dxe5 dxe5 4. Qxd8+ Kxd8 5. Nc3 Bb4 6. Bd2 Bxc3 7. Bxc3 Nc6
8. h3 a6 9. f4 f6 10. fxe5 Nxe5 11. Bxe5 fxe5 12. Nf3 Nf6 13. Bd3 Nd7 14. Ng5
Ke7 15. Rf1 Nf6 16. O-O-O h6 17. Nf3 Nd7 18. Nh4 Kd6 19. Nf5+ Kc6 20. Ne7+ Kd6
21. Ng6 Re8 22. Rf7 Rg8 23. Bb5+ Ke6 24. Bc4# {Black checkmated} 1-0

[Event "Team 45 45 League T75"]
[Site "Internet Chess Club"]
[Date "2018.01.20"]
[Round "5"]
[White "Electryon"]
[Black "MartyJR"]
[Result "1-0"]
[WhiteElo "1501"]
[BlackElo "1448"]
[Opening "Queen's pawn, Mason variation"]
[ECO "D00"]
[Time "21:01:08"]
[TimeControl "2700+45"]

1. d4 d5 2. Bf4 c6 3. e3 Bf5 4. c4 e6 5. Qb3 Qb6 6. c5 Qxb3 7. axb3 a6 8. b4 Nf6
9. Nc3 Be7 10. b5 a5 11. b4 O-O 12. bxa5 cxb5 13. Bxb5 Na6 14. Nf3 Nb4 15. O-O
Nc2 16. Ra2 Nb4 17. Ra4 Nc6 18. a6 Bc2 19. Raa1 Nb4 20. axb7 Rab8 21. Bxb8
{Black resigns} 1-0

[Event "Team 45 45 League T75"]
[Site "Internet Chess Club"]
[Date "2018.01.19"]
[Round "5"]
[White "BrianWood"]
[Black "sdcohle"]
[Result "1/2-1/2"]
[WhiteElo "1541"]
[BlackElo "1405"]
[Opening "Queen's Pawn"]
[ECO "B07"]
[Time "21:01:24"]
[TimeControl "2700+45"]

1. d4 d6 2. e4 c6 3. Nf3 Bg4 4. h3 Bxf3 5. Qxf3 Qc7 6. Nc3 Nf6 7. Be3 Nbd7 8. g4
h6 9. O-O-O e5 10. dxe5 Nxe5 11. Qe2 Be7 12. f4 Ned7 13. Bg2 Nb6 14. Bd4 O-O-O
15. e5 dxe5 16. Bxe5 Bd6 17. Rxd6 Rxd6 18. Ne4 Nxe4 19. Qxe4 f6 20. Bxd6 Qxd6
21. Rd1 Qc7 22. c4 {Game drawn by mutual agreement} 1/2-1/2

[Event "Team 45 45 League T75"]
[Site "Internet Chess Club"]
[Date "2018.01.20"]
[Round "5"]
[White "Aquaman"]
[Black "guyd52"]
[Result "1-0"]
[WhiteElo "1271"]
[BlackElo "1299"]
[Opening "Queen's pawn, Mason variation"]
[ECO "D00"]
[Time "15:32:40"]
[TimeControl "2700+45"]

1. d4 d5 2. Bf4 Nd7 3. Nf3 g6 4. e3 Bg7 5. Nbd2 Ngf6 6. h3 Nh5 7. Bh2 e6 8. Be2
b6 9. Ne5 Nhf6 10. Nc6 Bb7 11. Nxd8 Kxd8 12. O-O h5 13. Nf3 Ne4 14. Ne5 Nxe5 15.
Bxe5 f6 16. Bh2 a6 17. f3 Ng5 18. Bd3 f5 19. Be5 Bxe5 20. dxe5 c5 21. b3 Ke7 22.
f4 Nh7 23. Qe1 Kf7 24. c4 Rhd8 25. cxd5 Bxd5 26. Bc4 Bxc4 27. bxc4 b5 28. cxb5
axb5 29. Qe2 c4 30. Rab1 Ra5 31. Rb4 Rda8 32. Ra1 Nf8 33. Qb2 Rb8 34. a4 Rc8 35.
Qc3 Rca8 36. Rxb5 Rxa4 37. Rxa4 Rxa4 38. Rc5 Kg8 39. Rxc4 Ra7 40. Qb2 Rd7 41.
Rd4 Rg7 42. Rd8 Rf7 43. Qb3 Kg7 44. h4 Re7 45. Qb4 Kf7 46. Ra8 Nd7 47. Ra7 Ke8
48. Ra8+ Kf7 49. Ra7 Ke8 50. e4 Kd8 51. exf5 gxf5 52. Ra8+ {Black resigns} 1-0

[Event "Team 45 45 League T75"]
[Site "Internet Chess Club"]
[Date "2018.01.19"]
[Round "5"]
[White "justice02"]
[Black "primerpaso"]
[Result "1-0"]
[WhiteElo "1656"]
[BlackElo "1851"]
[Opening "QGD Slav: 4.e3"]
[ECO "D11"]
[Time "20:02:53"]
[TimeControl "2700+45"]

1. Nf3 Nf6 2. c4 c6 3. d4 d5 4. e3 g6 5. Nc3 Bg7 6. Bd3 O-O 7. O-O b6 8. b3 Bb7
9. Bb2 Nbd7 10. Rc1 Rc8 11. cxd5 cxd5 12. Qe2 Ne4 13. Bxe4 dxe4 14. Ng5 Nf6 15.
Rfd1 h6 16. Nh3 a6 17. d5 Qd6 18. Qd2 Rfd8 19. Nf4 g5 20. Nfe2 Ng4 21. Ng3 e6
22. Ncxe4 Qxd5 23. Rxc8 Rxc8 24. Qe2 Qc6 25. Bxg7 Kxg7 26. Qxg4 f5 27. Nxf5+
exf5 28. Qxf5 Rc7 29. Qe5+ Kf7 30. Nd6+ Kg8 31. Nxb7 Rxb7 32. Rd8+ Kh7 33. Qf5+
Kg7 34. Qf8+ {Black resigns} 1-0

[Event "Team 45 45 League T75"]
[Site "Internet Chess Club"]
[Date "2018.01.21"]
[Round "5"]
[White "andrew37"]
[Black "Grenadier"]
[Result "1-0"]
[WhiteElo "1699"]
[BlackElo "1620"]
[Opening "Old Indian: Ukrainian variation, 4.Nf3"]
[ECO "A54"]
[Time "16:06:17"]
[TimeControl "2700+45"]

1. c4 Nf6 2. Nc3 e5 3. Nf3 d6 4. d4 exd4 5. Nxd4 Be7 6. e4 c5 7. Nc2 Nc6 8. Be2
b6 9. O-O Bb7 10. Be3 O-O 11. a3 Qc7 12. Nd5 Nxd5 13. exd5 Ne5 14. f4 Nd7 15.
Bd3 Nf6 16. g4 g6 17. g5 Nxd5 18. cxd5 Bxd5 19. Bxg6 Bb7 20. Bd3 Qc6 21. Qg4
Qh1+ 22. Kf2 Qxh2+ 23. Ke1 c4 24. Rf2 Qh1+ 25. Kd2 Qd5 26. Nb4 Qe6 27. Bf5 c3+
28. bxc3 Qb3 29. Bxh7+ Kxh7 30. Rh1+ Kg8 31. Qf5 Bxh1 32. Rh2 Be4 33. Qxe4 Qb2+
34. Nc2 f5 35. Qxe7 Rac8 36. Rh8+ Kxh8 37. Bd4+ Kg8 38. Qg7# {Black checkmated}
1-0

[Event "Team 45 45 League T75"]
[Site "Internet Chess Club"]
[Date "2018.01.22"]
[Round "5"]
[White "GoIrish"]
[Black "QuieroAprender"]
[Result "1-0"]
[WhiteElo "1470"]
[BlackElo "1566"]
[Opening "Réti opening"]
[ECO "A04"]
[Time "20:40:31"]
[TimeControl "2700+45"]

1. Nf3 Nc6 2. g3 Nf6 3. Bg2 e5 4. d3 d5 5. O-O h6 6. Nbd2 Bd6 7. e4 d4 8. Nc4
O-O 9. Nxd6 cxd6 10. Nd2 g5 11. f4 g4 12. f5 h5 13. Nb3 d5 14. Bh6 Re8 15. Qd2
Kh7 16. exd5 Nxd5 17. Bxd5 Qxd5 18. Qg5 Rg8 19. Qxh5 Rg7 20. Bxg7+ Kxg7 21. f6+
Kg8 22. Qh6 {Black resigns} 1-0

[Event "Team 45 45 League T75"]
[Site "Internet Chess Club"]
[Date "2018.01.22"]
[Round "5"]
[White "olivermx"]
[Black "bmw2002"]
[Result "1/2-1/2"]
[WhiteElo "1288"]
[BlackElo "1450"]
[Opening "Caro-Kann: advance variation"]
[ECO "B12"]
[Time "22:07:44"]
[TimeControl "2700+45"]

1. e4 c6 2. d4 d5 3. e5 Bf5 4. Nf3 Nd7 5. Be2 h6 6. O-O e6 7. c3 b5 8. Be3 a5 9.
Nbd2 Qb6 10. Ne1 c5 11. Bd3 Bxd3 12. Nxd3 cxd4 13. cxd4 Ne7 14. Nf3 Nf5 15. Qd2
Be7 16. Nf4 Rc8 17. Rac1 Rxc1 18. Rxc1 O-O 19. Qc2 Qb8 20. Qc7 Nb6 21. b3 Ba3
22. Rc6 Qxc7 23. Rxc7 Nxe3 24. fxe3 Rc8 25. Rxc8+ Nxc8 {Game drawn by mutual
agreement} 1/2-1/2

[Event "Team 45 45 League T75"]
[Site "Internet Chess Club"]
[Date "2018.01.21"]
[Round "5"]
[White "Fianchettoed"]
[Black "Packerfan"]
[Result "1/2-1/2"]
[WhiteElo "1772"]
[BlackElo "1773"]
[Opening "Budapest: Fajarowicz variation"]
[ECO "A51"]
[Time "14:00:38"]
[TimeControl "2700+45"]

1. d4 Nf6 2. c4 e5 3. dxe5 Ne4 4. Nf3 Nc6 5. e3 Bb4+ 6. Bd2 Nxd2 7. Nbxd2 Qe7 8.
a3 Bxd2+ 9. Qxd2 Nxe5 10. Be2 d6 11. O-O Bg4 12. Nxe5 Bxe2 13. Qxe2 Qxe5 14.
Rfd1 O-O 15. Rd5 Qf6 16. Rad1 Rfd8 17. Qc2 b6 18. b4 a5 19. h3 axb4 20. axb4 Ra1
21. Rxa1 {Game drawn by mutual agreement} 1/2-1/2

[Event "Team 45 45 League T75"]
[Site "Internet Chess Club"]
[Date "2018.01.20"]
[Round "5"]
[White "kutch"]
[Black "bradleyguo175"]
[Result "0-1"]
[WhiteElo "1559"]
[BlackElo "1823"]
[Opening "King's Indian: Petrosian system, main line"]
[ECO "E93"]
[Time "13:01:37"]
[TimeControl "2700+45"]

1. d4 Nf6 2. c4 g6 3. Nc3 Bg7 4. e4 d6 5. Nf3 O-O 6. Be2 e5 7. d5 Nbd7 8. b4 a5
9. Ba3 axb4 10. Bxb4 Nh5 11. g3 f5 12. Nh4 Nf4 13. Ng2 Nxg2+ {White resigns} 0-1

[Event "Team 45 45 League T75"]
[Site "Internet Chess Club"]
[Date "2018.01.23"]
[Round "5"]
[White "pokerram"]
[Black "clarinetref"]
[Result "0-1"]
[WhiteElo "1505"]
[BlackElo "1508"]
[Opening "English opening"]
[ECO "B38"]
[Time "11:03:56"]
[TimeControl "2700+45"]

1. Nf3 Nf6 2. c4 c5 3. Nc3 g6 4. d4 cxd4 5. Nxd4 Bg7 6. e4 Nc6 7. Be3 O-O 8. Be2
d6 9. f3 a6 10. O-O Qc7 11. Rc1 Bd7 12. Nd5 Qd8 13. Nxc6 bxc6 14. Bb6 Qb8 15.
Nxe7+ Kh8 16. c5 Ne8 17. Qa4 Qb7 18. Bd3 Bf6 19. Nxg6+ hxg6 20. f4 Nc7 21. f5
Kg7 22. e5 dxe5 23. fxg6 fxg6 24. Qe4 Be8 25. h4 Nd5 26. h5 Nf4 27. h6+ Kh7 28.
Rxf4 exf4 29. Qxf4 Qd7 30. Qc7 Qxc7 31. Bxc7 Rf7 32. Bd6 Bg5 33. Re1 Bd7 34. Bc4
Rf5 35. Bd3 Rd5 36. Bc4 Rd4 37. b3 Re8 38. Rxe8 Bxe8 39. Bxa6 Be3+ 40. Kf1 Kxh6
41. Bf8+ Kg5 42. Be7+ Kf5 43. Be2 Bf7 44. Bd6 Rd2 45. g4+ Kf6 46. b4 Rxa2 47. b5
Bd5 48. Bd3 cxb5 49. Bxb5 Bg2+ 50. Ke1 Bf2+ 51. Kd1 Bf3+ 52. Kc1 Bd4 53. g5+
Kxg5 54. c6 Ra5 55. Be7+ Bf6 56. c7 Bg4 57. Bxf6+ Kxf6 {White resigns} 0-1

[Event "Team 45 45 League T75"]
[Site "Internet Chess Club"]
[Date "2018.01.27"]
[Round "5"]
[White "Electryon"]
[Black "anishio"]
[Result "1-0"]
[WhiteElo "1530"]
[BlackElo "1633"]
[Opening "Queen's pawn: London system"]
[ECO "A45"]
[Time "21:19:00"]
[TimeControl "2700+45"]

1. d4 Nf6 2. Bf4 g6 3. Nc3 d5 4. e3 Bg7 5. h4 c5 6. Nb5 Na6 7. a4 h5 8. c3 O-O
9. Be2 Bd7 10. Nf3 c4 11. Ne5 Bxb5 12. axb5 Nc7 13. g4 hxg4 14. Nxg4 Nxg4 15.
Bxg4 e6 16. h5 f5 17. hxg6 fxg4 18. Qxg4 Rf5 19. Rh5 Rxh5 20. Qxh5 Ne8 21. Qh7+
Kf8 22. Ke2 Nf6 23. Qh3 Ke7 24. Rh1 Qe8 25. Qg2 Qxb5 26. Bg5 Qxb2+ 27. Kf3 Rh8
28. Rxh8 Bxh8 29. Qh3 Bg7 30. Qh7 Kd6 31. Qxg7 Ne4 32. Qe7+ Kc6 33. Qxe6+ Kc7
34. Bf4+ Kd8 35. Qxd5+ {Black resigns} 1-0

[Event "Team 45 45 League T75"]
[Site "Internet Chess Club"]
[Date "2018.01.21"]
[Round "5"]
[White "rookbattery"]
[Black "ascoli"]
[Result "1-0"]
[WhiteElo "1609"]
[BlackElo "1655"]
[Opening "Sicilian: Anderssen variation"]
[ECO "B41"]
[Time "13:00:56"]
[TimeControl "2700+45"]

1. e4 c5 2. Nf3 e6 3. d4 cxd4 4. Nxd4 Nf6 5. Nc3 a6 6. e5 Ng8 7. Bd3 Qb6 8. Nb3
d5 9. Be3 Qc7 10. Na4 Nc6 11. f4 Nge7 12. Bb6 Qb8 13. O-O Bd7 14. Nac5 Nc8 15.
Nxd7 Kxd7 16. Be3 b6 17. c4 N8e7 18. cxd5 Nxd5 19. Bc4 Ne7 20. f5 Qxe5 21. fxe6+
fxe6 22. Bxb6 Qxb2 23. Bd4 Qa3 24. Nc5+ Kd6 25. Re1 Kc7 26. Nxe6+ Kb7 27. Bc5
Qa5 28. Bxd5+ Nxd5 {Black resigns} 1-0

[Event "Team 45 45 League T75"]
[Site "Internet Chess Club"]
[Date "2018.01.17"]
[Round "5"]
[White "Portola"]
[Black "Gojira"]
[Result "1-0"]
[WhiteElo "1695"]
[BlackElo "1612"]
[Opening "Queen's pawn game, Darooha variation "]
[ECO "D02"]
[Time "19:45:52"]
[TimeControl "2700+45"]

1. d4 d5 2. Nf3 Nf6 3. c3 c6 4. Bg5 Ne4 5. Bh4 Bf5 6. Nbd2 Qb6 7. Qb3 Nxd2 8.
Nxd2 Nd7 9. Bg3 c5 10. e3 c4 11. Qxb6 axb6 12. Be2 Nf6 13. O-O e6 14. Bf3 Kd7
15. Rfe1 Bg4 16. Bxg4 Nxg4 17. f3 Nh6 18. e4 Bd6 19. e5 Be7 20. Nf1 f6 21. exf6
gxf6 22. a3 Bd6 23. Re2 Nf5 24. Bxd6 Kxd6 25. Rae1 Rae8 26. Ne3 Nxe3 27. Rxe3 e5
28. dxe5+ Rxe5 29. f4 Rxe3 30. Rxe3 Kd7 31. Rg3 Re8 32. Kf2 Ke6 33. Re3+ Kd7 34.
Rxe8 Kxe8 35. g4 Kf7 36. Ke3 Kg6 37. Kd4 f5 38. h3 h5 39. g5 {Black resigns} 1-0

[Event "Team 45 45 League T75"]
[Site "Internet Chess Club"]
[Date "2018.01.22"]
[Round "5"]
[White "Konstantinos"]
[Black "mambo99"]
[Result "1/2-1/2"]
[WhiteElo "1649"]
[BlackElo "1520"]
[Opening "Scandinavian defense"]
[ECO "B01"]
[Time "14:30:58"]
[TimeControl "2700+45"]

1. e4 d5 2. exd5 Nf6 3. Nc3 Nxd5 4. Nxd5 Qxd5 5. Nf3 Nc6 6. Be2 e5 7. d3 Bc5 8.
O-O Bd7 9. a3 a5 10. Bd2 O-O 11. Be3 Rfe8 12. c3 Rad8 13. Nd2 Bf5 14. Qb3 Qxb3
15. Nxb3 Bxe3 16. fxe3 Bxd3 17. Bxd3 Rxd3 18. Rad1 Red8 19. Rxd3 Rxd3 20. Kf2 b6
21. Ke2 Rd6 22. e4 Nb8 23. Nd2 b5 24. Nb3 a4 25. Nc5 Nd7 26. Nd3 f6 27. Nb4 Nc5
28. Ke3 Kf7 29. Nd5 c6 30. Nb4 Ke7 31. h3 Nb3 32. Rf2 Na5 33. Rc2 Nc4+ 34. Ke2
Kd7 35. Nd3 Kc7 36. Nb4 Kb6 37. h4 h5 38. g3 Rd7 39. Nd3 c5 40. Rc1 Kc6 41. Rf1
Nd6 42. Ke3 Nc4+ 43. Ke2 Rd8 44. Rf5 Rh8 45. Rf1 Rh6 46. Rf2 Nd6 47. Ke3 Nc4+
48. Ke2 Rg6 49. Kf3 Rg4 50. Rg2 Nd6 51. Nf2 Rg6 52. Nd3 Rh6 53. Ke3 Rg6 54. Kf3
Rh6 55. Ke3 {Game drawn by mutual agreement} 1/2-1/2

[Event "Team 45 45 League T75"]
[Site "Internet Chess Club"]
[Date "2018.01.21"]
[Round "5"]
[White "g8wrb"]
[Black "losscause"]
[Result "0-1"]
[WhiteElo "1355"]
[BlackElo "1438"]
[Opening "QGD Slav: 3.Nf3"]
[ECO "D11"]
[Time "16:01:13"]
[TimeControl "2700+45"]

1. d4 d5 2. c4 c6 3. Nf3 a6 4. e3 Nf6 5. Nc3 g6 6. Qb3 Bg7 7. Bd3 O-O 8. O-O e6
9. Re1 Nbd7 10. Bd2 Qb6 11. cxd5 Qxb3 12. axb3 exd5 13. b4 Re8 14. Rec1 Ne4 15.
Bxe4 dxe4 16. Ng5 f5 17. Na4 h6 18. Nh3 g5 19. Kh1 Bf8 20. Nc5 Nxc5 21. bxc5 Be6
22. b4 Be7 23. Ng1 Rec8 24. Ne2 Bd8 25. Nc3 Bc7 26. Na4 Kg7 27. Bc3 Bd5 28. Bd2
Rf8 29. Nc3 Be6 30. Ne2 Kf6 31. Ng3 Kg6 32. Kg1 Bd5 33. Ne2 h5 34. Nc3 Be6 35.
Na4 Rf7 36. Nb6 Raf8 37. Nc4 Bxc4 38. Rxc4 Rd7 39. Bc3 Rfd8 40. Bb2 Rd5 41. Rac1
f4 42. exf4 gxf4 43. Re1 Kf5 44. h3 Re8 45. Bc1 Bd8 46. Re2 Bf6 47. Bb2 h4 48.
Ba1 Red8 49. Rd2 e3 50. fxe3 fxe3 51. Rd3 Ke4 52. Ra3 Bxd4 53. Kf1 Rf8+ 54. Ke1
Rf2 55. Bxd4 Rxd4 56. Rcc3 Rxg2 57. Rxe3+ Kd5 58. Rac3 Rxb4 59. Red3+ Rd4 60.
Rf3 Rb4 61. Rfd3+ Ke6 62. Re3+ Kd7 63. Rcd3+ Kc7 64. Re7+ Kb8 65. Rd8+ Ka7 66.
Kf1 Rh2 67. Kg1 Rc2 68. Rdd7 Rb1+ {White resigns} 0-1

[Event "Team 45 45 League T75"]
[Site "Internet Chess Club"]
[Date "2018.01.20"]
[Round "5"]
[White "LookImYourVader"]
[Black "calsal"]
[Result "1/2-1/2"]
[WhiteElo "1786"]
[BlackElo "1702"]
[Opening "King's Indian: orthodox, Aronin-Taimanov variation (Yugoslav attack / Mar del Plata variation)"]
[ECO "E97"]
[Time "15:04:27"]
[TimeControl "2700+45"]

1. c4 Nf6 2. Nc3 g6 3. d4 Bg7 4. e4 d6 5. Nf3 O-O 6. Be2 e5 7. O-O Nc6 8. dxe5
dxe5 9. Qxd8 Rxd8 10. Bg5 Re8 11. Nd5 Nxd5 12. cxd5 Nd4 13. Nxd4 exd4 14. Bd3
Bd7 15. Rac1 c6 16. dxc6 Bxc6 17. f3 Be5 18. Rfe1 Kg7 19. Bd2 f6 20. Bb4 Bf4 21.
Rc2 a6 22. Bd2 Bd6 23. b3 Bb5 24. Bc4 Rac8 25. Rec1 Ba3 26. Rd1 Bxc4 27. Rxc4
Rxc4 28. bxc4 Bc5 29. Kf2 Rd8 30. Rb1 b6 {Game drawn by mutual agreement}
1/2-1/2

[Event "Team 45 45 League T75"]
[Site "Internet Chess Club"]
[Date "2018.01.20"]
[Round "5"]
[White "SirIvanhoe"]
[Black "a-man"]
[Result "1-0"]
[WhiteElo "1562"]
[BlackElo "1666"]
[Opening "Sicilian: closed"]
[ECO "B24"]
[Time "19:00:45"]
[TimeControl "2700+45"]

1. e4 c5 2. Nc3 Nc6 3. g3 g6 4. Bg2 Bg7 5. d3 Nf6 6. h3 d6 7. Be3 O-O 8. Qd2 Bd7
9. Bh6 a6 10. h4 b5 11. h5 b4 12. Nd5 Nxd5 13. Bxg7 Kxg7 14. exd5 Ne5 15. hxg6
Nxg6 16. Qh6+ Kf6 17. Nf3 e5 18. Ng5 Ke7 19. Nxh7 Rh8 20. Qg5+ Ke8 21. Nf6+ Ke7
22. Rxh8 Qxh8 23. Nh5+ Kf8 24. O-O-O a5 25. Rh1 Bb5 26. Nf6 Qg7 27. Rh7 Qxh7 28.
Nxh7+ Kg7 29. Nf6 Rh8 30. Nh5+ Kh7 31. Be4 Be8 32. Bxg6+ fxg6 33. Qe7+ Kh6 34.
Qg7+ Kxh5 35. Qxh8+ Kg5 36. Qxe8 Kg4 37. Qxg6+ Kf3 38. Qf5+ Kg2 39. g4 Kh2 40.
g5 Kh1 41. g6 Kh2 42. g7 Kh1 43. g8=Q Kh2 44. Qh5# {Black checkmated} 1-0

[Event "Team 45 45 League T75"]
[Site "Internet Chess Club"]
[Date "2018.01.17"]
[Round "5"]
[White "RonaldoR"]
[Black "Chess4Him"]
[Result "1/2-1/2"]
[WhiteElo "1578"]
[BlackElo "1522"]
[Opening "Robatsch defense"]
[ECO "B06"]
[Time "17:30:11"]
[TimeControl "2700+45"]

1. e4 g6 2. d4 Bg7 3. Nc3 a6 4. Nf3 d6 5. Be3 b5 6. Bd3 Bb7 7. O-O Nd7 8. Re1
Ngf6 9. a3 O-O 10. Nd2 e5 11. d5 Ne8 12. b4 Rc8 13. Rc1 c5 14. bxc5 dxc5 15. Be2
Nd6 16. Nf3 h6 17. Qd2 Kh7 18. Rb1 Qe7 19. Qc1 Nf6 20. Nd2 Nd7 21. Nd1 c4 22. c3
Nc5 23. f3 f5 24. Qc2 f4 25. Bf2 Rc7 26. Nb2 Bc8 27. Qd1 Qg5 28. Kh1 Nd7 29. Rg1
Qf6 30. Qe1 {Game drawn by mutual agreement} 1/2-1/2

[Event "Team 45 45 League T75"]
[Site "Internet Chess Club"]
[Date "2018.01.19"]
[Round "5"]
[White "UrsaMajor"]
[Black "MartyJR"]
[Result "1/2-1/2"]
[WhiteElo "1473"]
[BlackElo "1463"]
[Opening "Sicilian: Alapin's variation (2.c3)"]
[ECO "B22"]
[Time "21:01:23"]
[TimeControl "2700+45"]

1. e4 c5 2. c3 d5 3. exd5 Qxd5 4. Qf3 Nf6 5. Qxd5 Nxd5 6. Nf3 g6 7. Bc4 Be6 8.
O-O Bg7 9. Re1 Nc6 10. Na3 a6 11. Nc2 b5 12. Be2 O-O 13. Ne3 Nxe3 14. dxe3 Rfd8
15. e4 Ne5 16. Nxe5 Bxe5 17. f4 Bg7 18. Be3 c4 19. Rad1 Kf8 20. Kf2 Ke8 21. a3
Rxd1 22. Rxd1 Rd8 23. Rxd8+ Kxd8 24. Bf3 Bc8 25. e5 Kc7 26. g4 f6 27. Bd4 fxe5
28. fxe5 e6 {Game drawn by mutual agreement} 1/2-1/2

[Event "Team 45 45 League T75"]
[Site "Internet Chess Club"]
[Date "2018.01.20"]
[Round "5"]
[White "Chess0985"]
[Black "idjit"]
[Result "1-0"]
[WhiteElo "1632"]
[BlackElo "1585"]
[Opening "French: Paulsen variation"]
[ECO "C10"]
[Time "13:01:29"]
[TimeControl "2700+45"]

1. e4 e6 2. d4 d5 3. Nc3 Nc6 4. e5 f6 5. exf6 Qxf6 6. Nf3 Bd6 7. Nb5 Nge7 8.
Nxd6+ cxd6 9. Bg5 Qf7 10. Be2 O-O 11. Be3 e5 12. Ng5 Qf6 13. c3 h6 14. Nf3 e4
15. Nd2 Nf5 16. O-O Be6 17. Bg4 Qg6 18. Qe2 Nxe3 19. Bxe6+ Qxe6 20. Qxe3 Rf6 21.
f3 Raf8 22. fxe4 Rxf1+ 23. Rxf1 Rxf1+ 24. Kxf1 dxe4 25. Qxe4 Qxa2 26. Qe8+ Kh7
27. Qe4+ Kg8 28. Qc2 Qf7+ 29. Nf3 g5 30. Kg1 Kg7 31. Nd2 Qe6 32. Qe4 Qf6 33. g4
Kf7 34. Qh7+ Ke6 35. Qxb7 {Black resigns} 1-0

[Event "Team 45 45 League T75"]
[Site "Internet Chess Club"]
[Date "2018.01.20"]
[Round "5"]
[White "noblitz-oblige"]
[Black "Newbao"]
[Result "1-0"]
[WhiteElo "1492"]
[BlackElo "1352"]
[Opening "Giuoco Piano"]
[ECO "C54"]
[Time "12:00:31"]
[TimeControl "2700+45"]

1. e4 e5 2. Nf3 Nc6 3. Bc4 Bc5 4. c3 Nf6 5. d3 O-O 6. Nbd2 d6 7. h3 Be6 8. O-O
d5 9. exd5 Bxd5 10. Re1 Re8 11. Bb5 e4 12. dxe4 Nxe4 13. Nxe4 Bxe4 14. Nd4 Bxd4
15. cxd4 Qxd4 16. Qxd4 Nxd4 17. Bxe8 Rxe8 18. f3 Nc2 19. Re2 Nxa1 20. fxe4 g6
21. b3 Kg7 22. Bb2+ Kh6 23. Kf2 Kg5 24. Bxa1 Kf4 25. e5 Kf5 26. Rd2 Re7 27. Kf3
c6 28. h4 c5 29. g4+ Ke6 30. Rd6# {Black checkmated} 1-0

[Event "Team 45 45 League T75"]
[Site "Internet Chess Club"]
[Date "2018.01.23"]
[Round "5"]
[White "creativechesski"]
[Black "stanbeers"]
[Result "1-0"]
[WhiteElo "1383"]
[BlackElo "1358"]
[Opening "Sicilian: Taimanov variation"]
[ECO "B45"]
[Time "21:00:43"]
[TimeControl "2700+45"]

1. e4 c5 2. Nf3 e6 3. d4 cxd4 4. Nxd4 Nc6 5. Nc3 Bb4 6. Nxc6 bxc6 7. Qd4 Bxc3+
8. Qxc3 Qf6 9. e5 Qd8 10. Qg3 Qa5+ 11. Bd2 Qxe5+ 12. Qxe5 {Black resigns} 1-0

[Event "Team 45 45 League T75"]
[Site "Internet Chess Club"]
[Date "2018.01.17"]
[Round "5"]
[White "UrsaMajor"]
[Black "fireball"]
[Result "0-1"]
[WhiteElo "1474"]
[BlackElo "1608"]
[Opening "French: exchange variation"]
[ECO "C01"]
[Time "20:01:40"]
[TimeControl "2700+45"]

1. e4 e6 2. d4 d5 3. exd5 exd5 4. c4 dxc4 5. Bxc4 Nf6 6. Nf3 Bd6 7. O-O O-O 8.
Bg5 h6 9. Bh4 Bg4 10. Qd3 Be7 11. Ne5 Bh5 12. Nd2 Nbd7 13. Ndf3 Nxe5 14. Nxe5
Nd7 15. f4 Bxh4 {White resigns} 0-1

[Event "Team 45 45 League T75"]
[Site "Internet Chess Club"]
[Date "2018.01.20"]
[Round "5"]
[White "Gilguli"]
[Black "mongmong"]
[Result "1-0"]
[WhiteElo "1351"]
[BlackElo "1432"]
[Opening "Nimzo-Indian defense"]
[ECO "E20"]
[Time "09:01:28"]
[TimeControl "2700+45"]

1. d4 e6 2. c4 Nf6 3. Nc3 Bb4 4. Bf4 d5 5. e3 O-O 6. Bd3 b6 7. Ne2 Ba6 8. b3
dxc4 9. bxc4 Bd6 10. O-O c5 11. Bg5 Bb7 12. Qc2 h6 13. Bh4 Be7 14. Bg3 Bd6 15.
Rad1 Bxg3 16. fxg3 Qe7 17. dxc5 Qxc5 18. Nd4 Nc6 19. Rxf6 gxf6 20. Qf2 Qg5 21.
Ne4 Qf5 22. Nxf5 {Black resigns} 1-0

[Event "Team 45 45 League T75"]
[Site "Internet Chess Club"]
[Date "2018.01.19"]
[Round "5"]
[White "Kingofknights"]
[Black "bardu"]
[Result "1-0"]
[WhiteElo "1455"]
[BlackElo "1330"]
[Opening "Nimzo-Indian: 4.e3 O-O, 5.Bd3 d5"]
[ECO "E48"]
[Time "15:17:37"]
[TimeControl "2700+45"]

1. d4 Nf6 2. c4 e6 3. Nc3 Bb4 4. e3 O-O 5. Bd3 d5 6. cxd5 exd5 7. Ne2 Re8 8. O-O
Bd6 9. Ng3 Bg4 10. f3 Bxg3 11. hxg3 Be6 12. e4 dxe4 13. Bxe4 Nxe4 14. fxe4 c6
15. Be3 Nd7 16. Qf3 Nf6 17. e5 Ng4 18. Rad1 Nxe3 19. Qxe3 Qe7 20. b3 Rad8 21.
Ne4 Bd5 22. Qf4 Bxe4 23. Qxe4 Qg5 24. Qf4 Qxf4 25. gxf4 f5 26. Rf3 Kf7 27. Rc3
Ke6 28. Kf2 Rd7 29. Ke3 Red8 30. a4 h6 31. Rcd3 g5 32. fxg5 hxg5 33. Rh1 c5 34.
Rh6+ Kd5 35. dxc5+ Kxc5 36. Rxd7 Rxd7 37. Rf6 f4+ 38. Ke4 Rd4+ 39. Kf5 Kd5 40.
Rd6+ Kc5 41. Rxd4 Kxd4 42. e6 {Black resigns} 1-0